Flames vs Capitals

Created - December 16 2006 at 11:58

Goals
1 2 3 T
Flames 0 2 1 3
Capitals 2 0 0 2
Shots
1 2 3 T
Flames 7 19 15 41
Capitals 10 15 14 39

Period #1

1. Capitals , Richard Zednik 2 (Matt Pettinger, Brian Sutherby) at 2:54
2. Capitals , Brooks Laich 1 (Trent Hunter, Steve Eminger) at 5:29

Penalities :
Eric Fehr (WSH) for Diving (Minor) at 3:14, Roman Hamrlik (CGY) for Delaying the game (Minor) at 6:26, Brian Sutherby (WSH) for Kneeing (Major) at 10:19, Alex Tanguay (CGY) for Charging (Minor) at 17:12

Period #2

3. Flames , Jarome Iginla 7 (Roman Hamrlik, Daymond Langkow) at 6:16
4. Flames , Jarome Iginla 8 (Jaroslav Modry, Roman Hamrlik) at 13:54 (PP)

Penalities :
Jaroslav Modry (CGY) for Diving (Minor) at 8:00, Trent Hunter (WSH) for High sticking (Minor) at 13:05, Alexander Ovechkin (WSH) for Checking from behind (Major) at 16:56

Period #3

5. Flames , Brian Willsie 1 (Tony Amonte, Robyn Regehr) at 13:20

Penalities :
Alexander Ovechkin (WSH) for Charging (Minor) at 8:18, Jarome Iginla (CGY) for Holding (Minor) at 11:12, Rhett Warrener (CGY) for Diving (Minor) at 15:41, Rhett Warrener (CGY) for Elbowing (Minor) at 19:55

Goalie Stats

Miikka Kiprusoff (CGY), 37 saves from 39 shots - (0.949), W, 8-1-1, 60:00 minutes
Marty Turco (WSH), 38 saves from 41 shots - (0.927), L, 4-5-1, 60:00 minutes

Players Stats

Flames
Player Name              G  A  P  +/- PIM S  H  SB FO MP 
-----------------------------------------------------------
Alex Tanguay             0  0  0   0  2   2  0  0  2  20 
Andrei Zyuzin            0  0  0  -1  0   1  0  1  0  24 
Andrew Ference           0  0  0  -1  0   1  2  0  0  17 
Bill Guerin              0  0  0  -1  0   2  1  0  1  16 
Brian Willsie            1  0  1   0  0   3  1  0  2  6  
Chuck Kobasew            0  0  0   0  0   3  3  0  0  15 
Craig Conroy             0  0  0   0  0   1  0  0  24 21 
Daymond Langkow          0  1  1   1  0   2  0  0  28 22 
Jarome Iginla            2  0  2   1  2   6  2  0  1  21 
Jaroslav Modry           0  1  1   1  2   1  0  1  0  22 
Joe Nieuwendyk           0  0  0  -1  0   2  0  0  11 16 
Jussi Jokinen            0  0  0   1  0   3  0  0  2  17 
Kristian Huselius        0  0  0  -1  0   2  0  0  3  16 
Matthew Lombardi         0  0  0   0  0   2  0  0  4  6  
Rhett Warrener           0  0  0   0  4   2  1  4  0  18 
Robyn Regehr             0  1  1   0  0   2  0  4  0  24 
Roman Hamrlik            0  2  2   1  2   5  2  2  0  21 
Tony Amonte              0  1  1   0  0   1  0  0  0  6  
Capitals
Player Name              G  A  P  +/- PIM S  H  SB FO MP 
-----------------------------------------------------------
Alexander Ovechkin       0  0  0  -1  7   5  2  1  2  22 
Andrew Cassels           0  0  0   0  0   4  0  0  23 19 
Brian Pothier            0  0  0   0  0   2  0  1  0  24 
Brian Sutherby           0  1  1   0  5   1  1  0  15 12 
Brooks Laich             1  0  1   0  0   2  0  0  14 14 
Bryan Muir               0  0  0   0  0   2  0  1  0  24 
Chris Clark              0  0  0   0  0   0  0  0  3  21 
Dainius Zubrus           0  0  0   0  0   7  0  0  3  24 
Eric Fehr                0  0  0   0  2   2  0  1  0  14 
Ivan Majesky             0  0  0   0  0   2  6  1  0  15 
Matt Pettinger           0  1  1   0  0   2  2  0  2  11 
Oleg Tverdovsky          0  0  0   0  0   1  0  3  0  24 
Patrik Stefan            0  0  0   0  0   0  0  0  6  14 
Rene Bourque             0  0  0   0  0   0  0  0  0  0  
Richard Zednik           1  0  1   0  0   3  1  0  0  11 
Shaone Morrisonn         0  0  0   0  0   2  2  0  0  24 
Steve Eminger            0  1  1   0  0   1  1  2  0  14 
Trent Hunter             0  1  1   1  2   3  0  0  10 15 

3 Stars

1 - Jarome Iginla (CGY)
2 - Miikka Kiprusoff (CGY)
3 - Marty Turco (WSH)

Power Play

Flames - 1 on 4 Attempt(s) - 25.00%
Capitals - 0 on 7 Attempt(s) - 0.00%

Penalty Kill

Flames - 7 on 7 Attempt(s) - 100.00% - Score 0 goal in Penalty Kill
Capitals - 3 on 4 Attempt(s) - 75.00% - Score 0 goal in Penalty Kill

Game Notes

No Game Note

Finance

Level 1 -- Attendance: 4764 (73.29%) -- Ticket Income $476,400.00
Level 2 -- Attendance: 4822 (87.68%) -- Ticket Income $289,320.00
Level 3 -- Attendance: 2132 (85.30%) -- Ticket Income $74,620.00
Level 4 -- Attendance: 3650 (81.12%) -- Ticket Income $73,000.00
Luxury Box -- Attendance: 662 (66.25%) -- Ticket Income $132,400.00
Game was played at the MCI Center
Total Attendance: 16030 (80.15%)
Total Ticket Income: $1,079,772.00
Other Expense: $74,212.60
Total Income: $1,005,559.00


Play by Play

Period #1

0:01 of 1st period - Patrik Stefan wins face-off versus Craig Conroy in neutral zone.
0:09 of 1st period - Alexander Ovechkin is hit by Chuck Kobasew and loses puck.
0:13 of 1st period - Shot by Patrik Stefan.
0:13 of 1st period - Shot Misses the Net.
1:15 of 1st period - Chris Clark is hit by Jarome Iginla and loses puck.
1:47 of 1st period - Shot by Jussi Jokinen.
1:47 of 1st period - Stopped by Marty Turco with a rebound.
2:18 of 1st period - Shot by Joe Nieuwendyk.
2:18 of 1st period - Shot Blocked by Ivan Majesky.
2:21 of 1st period - Shot by Kristian Huselius.
2:21 of 1st period - Shot Blocked by Steve Eminger.
2:22 of 1st period - Shot by Joe Nieuwendyk.
2:22 of 1st period - Stopped by Marty Turco without a rebound.
2:23 of 1st period - Brian Sutherby wins face-off versus Brian Willsie in Capitals zone.
2:54 of 1st period - Shot by Richard Zednik.
2:54 of 1st period - Goal by Richard Zednik.
2:55 of 1st period - Brooks Laich wins face-off versus Bill Guerin in neutral zone.
3:05 of 1st period - Alexander Ovechkin is hit by Andrew Ference and loses puck.
3:14 of 1st period - Minor Penalty to Eric Fehr for Diving.
3:15 of 1st period - Trent Hunter wins face-off versus Daymond Langkow in neutral zone.
5:24 of 1st period - Shot by Joe Nieuwendyk.
5:24 of 1st period - Shot Misses the Net.
5:29 of 1st period - Shot by Trent Hunter.
5:29 of 1st period - Goal by Brooks Laich.
5:30 of 1st period - Matthew Lombardi wins face-off versus Brian Sutherby in neutral zone.
5:41 of 1st period - Shot by Tony Amonte.
5:41 of 1st period - Shot Misses the Net.
5:48 of 1st period - Shot by Brian Willsie.
5:48 of 1st period - Stopped by Marty Turco without a rebound.
5:49 of 1st period - Joe Nieuwendyk wins face-off versus Brooks Laich in Capitals zone.
6:12 of 1st period - Shot by Bill Guerin.
6:12 of 1st period - Stopped by Marty Turco without a rebound.
6:13 of 1st period - Daymond Langkow wins face-off versus Andrew Cassels in Capitals zone.
6:25 of 1st period - Chris Clark is hit by Roman Hamrlik and loses puck.
6:26 of 1st period - Minor Penalty to Roman Hamrlik for Delaying the game.
6:27 of 1st period - Andrew Cassels wins face-off versus Daymond Langkow in Flames zone.
6:28 of 1st period - Shot by Chris Clark.
6:28 of 1st period - Shot Misses the Net.
6:31 of 1st period - Shot by Dainius Zubrus.
6:31 of 1st period - Shot Misses the Net.
6:32 of 1st period - Shot by Bryan Muir.
6:32 of 1st period - Shot Misses the Net.
6:35 of 1st period - Shot by Dainius Zubrus.
6:35 of 1st period - Stopped by Miikka Kiprusoff without a rebound.
6:36 of 1st period - Daymond Langkow wins face-off versus Patrik Stefan in Flames zone.
6:36 of 1st period - Jarome Iginla is hit by Alexander Ovechkin and loses puck.
7:54 of 1st period - Shot by Andrew Cassels.
7:54 of 1st period - Stopped by Miikka Kiprusoff without a rebound.
7:55 of 1st period - Andrew Cassels wins face-off versus Daymond Langkow in Flames zone.
8:34 of 1st period - Shot by Dainius Zubrus.
8:34 of 1st period - Shot Misses the Net.
8:37 of 1st period - Shot by Brooks Laich.
8:37 of 1st period - Stopped by Miikka Kiprusoff without a rebound.
8:38 of 1st period - Craig Conroy wins face-off versus Brooks Laich in Flames zone.
9:05 of 1st period - Shot by Trent Hunter.
9:05 of 1st period - Shot Misses the Net.
9:08 of 1st period - Shot by Trent Hunter.
9:08 of 1st period - Shot Blocked by Rhett Warrener.
10:02 of 1st period - Bill Guerin is hit by Matt Pettinger and loses puck.
10:09 of 1st period - Icing by Brian Pothier.
10:10 of 1st period - Jarome Iginla wins face-off versus Matt Pettinger in Capitals zone.
10:16 of 1st period - Jarome Iginla is hit by Matt Pettinger and loses puck.
10:19 of 1st period - Major Penalty to Brian Sutherby for Kneeing.
10:20 of 1st period - Daymond Langkow wins face-off versus Trent Hunter in neutral zone.
11:41 of 1st period - Shot by Chuck Kobasew.
11:41 of 1st period - Stopped by Marty Turco with a rebound.
13:32 of 1st period - Shot by Jarome Iginla.
13:32 of 1st period - Stopped by Marty Turco without a rebound.
13:33 of 1st period - Chris Clark wins face-off versus Alex Tanguay in Capitals zone.
14:20 of 1st period - Shot by Dainius Zubrus.
14:20 of 1st period - Stopped by Miikka Kiprusoff with a rebound.
15:10 of 1st period - Icing by Roman Hamrlik.
15:11 of 1st period - Daymond Langkow wins face-off versus Trent Hunter in Flames zone.
15:25 of 1st period - Matthew Lombardi is hit by Ivan Majesky and loses puck.
15:35 of 1st period - Shot by Trent Hunter.
15:35 of 1st period - Shot Blocked by Robyn Regehr.
15:36 of 1st period - Shot by Ivan Majesky.
15:36 of 1st period - Stopped by Miikka Kiprusoff without a rebound.
15:37 of 1st period - Andrew Cassels wins face-off versus Daymond Langkow in Flames zone.
16:35 of 1st period - Eric Fehr is hit by Andrew Ference and loses puck.
16:51 of 1st period - Shot by Trent Hunter.
16:51 of 1st period - Stopped by Miikka Kiprusoff with a rebound.
16:52 of 1st period - Shot by Ivan Majesky.
16:52 of 1st period - Stopped by Miikka Kiprusoff without a rebound.
16:53 of 1st period - Brian Sutherby wins face-off versus Craig Conroy in Flames zone.
16:57 of 1st period - Matt Pettinger is hit by Rhett Warrener and loses puck.
17:12 of 1st period - Minor Penalty to Alex Tanguay for Charging.
17:13 of 1st period - Daymond Langkow wins face-off versus Andrew Cassels in neutral zone.
18:16 of 1st period - Shot by Trent Hunter.
18:16 of 1st period - Stopped by Miikka Kiprusoff without a rebound.
18:17 of 1st period - Craig Conroy wins face-off versus Andrew Cassels in Flames zone.
18:51 of 1st period - Icing by Dainius Zubrus.
18:52 of 1st period - Craig Conroy wins face-off versus Andrew Cassels in Capitals zone.
19:14 of 1st period - Bryan Muir is hit by Brian Willsie and loses puck.
19:52 of 1st period - Shot by Tony Amonte.
19:52 of 1st period - Stopped by Marty Turco without a rebound.
19:53 of 1st period - Brian Sutherby wins face-off versus Daymond Langkow in Capitals zone.

Period #2

0:01 of 2nd period - Craig Conroy wins face-off versus Trent Hunter in neutral zone.
0:14 of 2nd period - Shot by Craig Conroy.
0:14 of 2nd period - Stopped by Marty Turco without a rebound.
0:15 of 2nd period - Dainius Zubrus wins face-off versus Daymond Langkow in Capitals zone.
1:40 of 2nd period - Shot by Kristian Huselius.
1:40 of 2nd period - Shot Misses the Net.
2:00 of 2nd period - Andrei Zyuzin is hit by Steve Eminger and loses puck.
2:04 of 2nd period - Shot by Andrei Zyuzin.
2:04 of 2nd period - Stopped by Marty Turco without a rebound.
2:05 of 2nd period - Brian Sutherby wins face-off versus Craig Conroy in Capitals zone.
3:26 of 2nd period - Shot by Bill Guerin.
3:26 of 2nd period - Stopped by Marty Turco without a rebound.
3:27 of 2nd period - Andrew Cassels wins face-off versus Daymond Langkow in Capitals zone.
3:34 of 2nd period - Shot by Dainius Zubrus.
3:34 of 2nd period - Stopped by Miikka Kiprusoff without a rebound.
3:35 of 2nd period - Daymond Langkow wins face-off versus Brooks Laich in Flames zone.
3:51 of 2nd period - Off-side.
3:52 of 2nd period - Chris Clark wins face-off versus Joe Nieuwendyk in neutral zone.
4:01 of 2nd period - Shot by Andrew Cassels.
4:01 of 2nd period - Stopped by Miikka Kiprusoff without a rebound.
4:02 of 2nd period - Joe Nieuwendyk wins face-off versus Brooks Laich in Flames zone.
4:35 of 2nd period - Shot by Alexander Ovechkin.
4:35 of 2nd period - Stopped by Miikka Kiprusoff without a rebound.
4:36 of 2nd period - Craig Conroy wins face-off versus Andrew Cassels in Flames zone.
4:41 of 2nd period - Shot by Andrew Cassels.
4:41 of 2nd period - Stopped by Miikka Kiprusoff with a rebound.
4:42 of 2nd period - Shot by Bryan Muir.
4:42 of 2nd period - Shot Misses the Net.
4:45 of 2nd period - Shot by Chris Clark.
4:45 of 2nd period - Shot Hit the Post.
4:46 of 2nd period - Shot by Bryan Muir.
4:46 of 2nd period - Shot Blocked by Robyn Regehr.
4:51 of 2nd period - Shot by Chris Clark.
4:51 of 2nd period - Shot Blocked by Rhett Warrener.
4:54 of 2nd period - Shot by Dainius Zubrus.
4:54 of 2nd period - Stopped by Miikka Kiprusoff with a rebound.
6:13 of 2nd period - Shot by Jarome Iginla.
6:13 of 2nd period - Shot Misses the Net.
6:16 of 2nd period - Shot by Jarome Iginla.
6:16 of 2nd period - Goal by Jarome Iginla.
6:17 of 2nd period - Joe Nieuwendyk wins face-off versus Brooks Laich in neutral zone.
6:17 of 2nd period - Andrei Zyuzin is hit by Ivan Majesky and loses puck.
6:20 of 2nd period - Andrei Zyuzin is hit by Ivan Majesky and loses puck.
6:30 of 2nd period - Shot by Joe Nieuwendyk.
6:30 of 2nd period - Stopped by Marty Turco with a rebound.
6:33 of 2nd period - Shot by Kristian Huselius.
6:33 of 2nd period - Stopped by Marty Turco without a rebound.
6:34 of 2nd period - Joe Nieuwendyk wins face-off versus Andrew Cassels in Capitals zone.
7:47 of 2nd period - Shot by Eric Fehr.
7:47 of 2nd period - Stopped by Miikka Kiprusoff without a rebound.
7:48 of 2nd period - Craig Conroy wins face-off versus Brian Sutherby in Flames zone.
7:53 of 2nd period - Shot by Brian Sutherby.
7:53 of 2nd period - Stopped by Miikka Kiprusoff without a rebound.
7:54 of 2nd period - Brian Sutherby wins face-off versus Jussi Jokinen in Flames zone.
8:00 of 2nd period - Minor Penalty to Jaroslav Modry for Diving.
8:01 of 2nd period - Patrik Stefan wins face-off versus Daymond Langkow in Flames zone.
8:22 of 2nd period - Shot by Trent Hunter.
8:22 of 2nd period - Stopped by Miikka Kiprusoff with a rebound.
8:23 of 2nd period - Shot by Brian Pothier.
8:23 of 2nd period - Stopped by Miikka Kiprusoff with a rebound.
8:26 of 2nd period - Shot by Alexander Ovechkin.
8:26 of 2nd period - Stopped by Miikka Kiprusoff without a rebound.
8:27 of 2nd period - Craig Conroy wins face-off versus Andrew Cassels in Flames zone.
9:33 of 2nd period - Andrei Zyuzin is hit by Shaone Morrisonn and loses puck.
10:46 of 2nd period - Icing by Tony Amonte.
10:47 of 2nd period - Matthew Lombardi wins face-off versus Brian Sutherby in Flames zone.
10:54 of 2nd period - Shot by Brian Sutherby.
10:54 of 2nd period - Shot Misses the Net.
10:57 of 2nd period - Shot by Matt Pettinger.
10:57 of 2nd period - Shot Misses the Net.
10:58 of 2nd period - Shot by Shaone Morrisonn.
10:58 of 2nd period - Stopped by Miikka Kiprusoff without a rebound.
10:59 of 2nd period - Joe Nieuwendyk wins face-off versus Dainius Zubrus in Flames zone.
11:06 of 2nd period - Shot by Andrew Cassels.
11:06 of 2nd period - Stopped by Miikka Kiprusoff without a rebound.
11:07 of 2nd period - Brian Sutherby wins face-off versus Jussi Jokinen in Flames zone.
11:09 of 2nd period - Matt Pettinger is hit by Jarome Iginla and loses puck.
11:15 of 2nd period - Shot by Richard Zednik.
11:15 of 2nd period - Stopped by Miikka Kiprusoff with a rebound.
11:20 of 2nd period - Shot by Jarome Iginla.
11:20 of 2nd period - Shot Misses the Net.
11:21 of 2nd period - Shot by Roman Hamrlik.
11:21 of 2nd period - Shot Misses the Net.
11:22 of 2nd period - Shot by Roman Hamrlik.
11:22 of 2nd period - Stopped by Marty Turco with a rebound.
11:23 of 2nd period - Shot by Roman Hamrlik.
11:23 of 2nd period - Stopped by Marty Turco without a rebound.
11:24 of 2nd period - Kristian Huselius wins face-off versus Andrew Cassels in Capitals zone.
12:22 of 2nd period - Andrei Zyuzin is hit by Richard Zednik and loses puck.
12:36 of 2nd period - Shot by Richard Zednik.
12:36 of 2nd period - Shot Misses the Net.
12:43 of 2nd period - Shot by Richard Zednik.
12:43 of 2nd period - Shot Misses the Net.
12:44 of 2nd period - Shot by Brian Pothier.
12:44 of 2nd period - Stopped by Miikka Kiprusoff with a rebound.
12:49 of 2nd period - Shot by Richard Zednik.
12:49 of 2nd period - Stopped by Miikka Kiprusoff without a rebound.
12:50 of 2nd period - Brooks Laich wins face-off versus Craig Conroy in Flames zone.
12:57 of 2nd period - Shot by Brooks Laich.
12:57 of 2nd period - Shot Blocked by Rhett Warrener.
12:59 of 2nd period - Icing by Robyn Regehr.
13:00 of 2nd period - Craig Conroy wins face-off versus Alexander Ovechkin in Flames zone.
13:04 of 2nd period - Chuck Kobasew is hit by Ivan Majesky and loses puck.
13:05 of 2nd period - Minor Penalty to Trent Hunter for High sticking.
13:06 of 2nd period - Alexander Ovechkin wins face-off versus Daymond Langkow in neutral zone.
13:49 of 2nd period - Shot by Jarome Iginla.
13:49 of 2nd period - Shot Blocked by Oleg Tverdovsky.
13:50 of 2nd period - Shot by Jaroslav Modry.
13:50 of 2nd period - Shot Blocked by Bryan Muir.
13:51 of 2nd period - Shot by Roman Hamrlik.
13:51 of 2nd period - Shot Blocked by Oleg Tverdovsky.
13:54 of 2nd period - Shot by Jarome Iginla.
13:54 of 2nd period - Goal by Jarome Iginla.
13:55 of 2nd period - Craig Conroy wins face-off versus Brooks Laich in neutral zone.
14:22 of 2nd period - Shot by Chuck Kobasew.
14:22 of 2nd period - Stopped by Marty Turco without a rebound.
14:23 of 2nd period - Brian Willsie wins face-off versus Brian Sutherby in Capitals zone.
14:25 of 2nd period - Matthew Lombardi is hit by Shaone Morrisonn and loses puck.
15:13 of 2nd period - Shot by Bill Guerin.
15:13 of 2nd period - Stopped by Marty Turco without a rebound.
15:14 of 2nd period - Daymond Langkow wins face-off versus Andrew Cassels in Capitals zone.
15:19 of 2nd period - Shot by Jussi Jokinen.
15:19 of 2nd period - Shot Blocked by Oleg Tverdovsky.
15:40 of 2nd period - Shot by Bryan Muir.
15:40 of 2nd period - Shot Misses the Net.
15:51 of 2nd period - Shot by Chris Clark.
15:51 of 2nd period - Shot Blocked by Jaroslav Modry.
15:52 of 2nd period - Shot by Chris Clark.
15:52 of 2nd period - Shot Misses the Net.
16:32 of 2nd period - Alexander Ovechkin is hit by Bill Guerin and loses puck.
16:44 of 2nd period - Shot by Andrei Zyuzin.
16:44 of 2nd period - Shot Misses the Net.
16:47 of 2nd period - Shot by Kristian Huselius.
16:47 of 2nd period - Shot Misses the Net.
16:48 of 2nd period - Shot by Andrew Ference.
16:48 of 2nd period - Stopped by Marty Turco with a rebound.
16:56 of 2nd period - Major Penalty to Alexander Ovechkin for Checking from behind.
16:57 of 2nd period - Craig Conroy wins face-off versus Trent Hunter in Capitals zone.
18:40 of 2nd period - Shot by Alex Tanguay.
18:40 of 2nd period - Shot Hit the Post.
18:41 of 2nd period - Shot by Rhett Warrener.
18:41 of 2nd period - Stopped by Marty Turco without a rebound.
18:42 of 2nd period - Daymond Langkow wins face-off versus Trent Hunter in Capitals zone.
18:45 of 2nd period - Shot by Jarome Iginla.
18:45 of 2nd period - Stopped by Marty Turco without a rebound.
18:46 of 2nd period - Trent Hunter wins face-off versus Daymond Langkow in Capitals zone.
18:59 of 2nd period - Shot by Jarome Iginla.
18:59 of 2nd period - Shot Misses the Net.
19:04 of 2nd period - Shot by Jussi Jokinen.
19:04 of 2nd period - Shot Misses the Net.
19:09 of 2nd period - Shot by Daymond Langkow.
19:09 of 2nd period - Stopped by Marty Turco without a rebound.
19:10 of 2nd period - Craig Conroy wins face-off versus Trent Hunter in Capitals zone.
19:15 of 2nd period - Shot by Chuck Kobasew.
19:15 of 2nd period - Shot Misses the Net.
19:20 of 2nd period - Shot by Alex Tanguay.
19:20 of 2nd period - Stopped by Marty Turco with a rebound.
19:21 of 2nd period - Shot by Andrei Zyuzin.
19:21 of 2nd period - Shot Misses the Net.
19:24 of 2nd period - Shot by Chuck Kobasew.
19:24 of 2nd period - Stopped by Marty Turco with a rebound.
19:25 of 2nd period - Shot by Andrei Zyuzin.
19:25 of 2nd period - Stopped by Marty Turco with a rebound.
19:28 of 2nd period - Shot by Robyn Regehr.
19:28 of 2nd period - Stopped by Marty Turco without a rebound.
19:29 of 2nd period - Craig Conroy wins face-off versus Patrik Stefan in Capitals zone.

Period #3

0:01 of 3rd period - Dainius Zubrus wins face-off versus Craig Conroy in neutral zone.
1:08 of 3rd period - Shot by Jarome Iginla.
1:08 of 3rd period - Shot Misses the Net.
1:13 of 3rd period - Shot by Jarome Iginla.
1:13 of 3rd period - Shot Misses the Net.
1:28 of 3rd period - Shot by Jussi Jokinen.
1:28 of 3rd period - Shot Misses the Net.
1:29 of 3rd period - Shot by Jaroslav Modry.
1:29 of 3rd period - Shot Misses the Net.
1:30 of 3rd period - Shot by Daymond Langkow.
1:30 of 3rd period - Shot Misses the Net.
1:35 of 3rd period - Shot by Jussi Jokinen.
1:35 of 3rd period - Stopped by Marty Turco with a rebound.
1:36 of 3rd period - Shot by Roman Hamrlik.
1:36 of 3rd period - Stopped by Marty Turco with a rebound.
1:39 of 3rd period - Shot by Jarome Iginla.
1:39 of 3rd period - Shot Misses the Net.
1:40 of 3rd period - Shot by Jaroslav Modry.
1:40 of 3rd period - Stopped by Marty Turco with a rebound.
1:41 of 3rd period - Shot by Roman Hamrlik.
1:41 of 3rd period - Stopped by Marty Turco with a rebound.
1:42 of 3rd period - Shot by Jaroslav Modry.
1:42 of 3rd period - Shot Blocked by Brian Pothier.
2:09 of 3rd period - Shot by Alexander Ovechkin.
2:09 of 3rd period - Stopped by Miikka Kiprusoff without a rebound.
2:10 of 3rd period - Brooks Laich wins face-off versus Matthew Lombardi in Flames zone.
2:31 of 3rd period - Shot by Brian Willsie.
2:31 of 3rd period - Shot Misses the Net.
2:36 of 3rd period - Shot by Matthew Lombardi.
2:36 of 3rd period - Stopped by Marty Turco with a rebound.
2:39 of 3rd period - Shot by Tony Amonte.
2:39 of 3rd period - Shot Blocked by Alexander Ovechkin.
2:42 of 3rd period - Shot by Matthew Lombardi.
2:42 of 3rd period - Stopped by Marty Turco with a rebound.
2:43 of 3rd period - Shot by Robyn Regehr.
2:43 of 3rd period - Shot Misses the Net.
3:22 of 3rd period - Shot by Richard Zednik.
3:22 of 3rd period - Shot Misses the Net.
3:23 of 3rd period - Shot by Shaone Morrisonn.
3:23 of 3rd period - Stopped by Miikka Kiprusoff without a rebound.
3:24 of 3rd period - Daymond Langkow wins face-off versus Andrew Cassels in Flames zone.
4:03 of 3rd period - Shot by Jarome Iginla.
4:03 of 3rd period - Shot Misses the Net.
4:04 of 3rd period - Shot by Roman Hamrlik.
4:04 of 3rd period - Stopped by Marty Turco without a rebound.
4:05 of 3rd period - Brian Sutherby wins face-off versus Joe Nieuwendyk in Capitals zone.
4:49 of 3rd period - Icing by Kristian Huselius.
4:50 of 3rd period - Brooks Laich wins face-off versus Kristian Huselius in Flames zone.
5:32 of 3rd period - Eric Fehr is hit by Chuck Kobasew and loses puck.
5:34 of 3rd period - Shot by Ivan Majesky.
5:34 of 3rd period - Shot Blocked by Robyn Regehr.
6:22 of 3rd period - Off-side.
6:23 of 3rd period - Matt Pettinger wins face-off versus Kristian Huselius in neutral zone.
6:39 of 3rd period - Bill Guerin is hit by Brian Sutherby and loses puck.
7:12 of 3rd period - Icing by Andrei Zyuzin.
7:13 of 3rd period - Andrew Cassels wins face-off versus Joe Nieuwendyk in Flames zone.
7:22 of 3rd period - Shot by Chris Clark.
7:22 of 3rd period - Shot Blocked by Andrei Zyuzin.
8:01 of 3rd period - Shot by Jussi Jokinen.
8:01 of 3rd period - Stopped by Marty Turco with a rebound.
8:06 of 3rd period - Shot by Jarome Iginla.
8:06 of 3rd period - Stopped by Marty Turco without a rebound.
8:07 of 3rd period - Brooks Laich wins face-off versus Craig Conroy in Capitals zone.
8:18 of 3rd period - Shot by Alex Tanguay.
8:18 of 3rd period - Shot Misses the Net.
8:18 of 3rd period - Minor Penalty to Alexander Ovechkin for Charging.
8:19 of 3rd period - Daymond Langkow wins face-off versus Trent Hunter in Capitals zone.
8:26 of 3rd period - Shot by Jarome Iginla.
8:26 of 3rd period - Shot Misses the Net.
9:22 of 3rd period - Icing by Andrei Zyuzin.
9:23 of 3rd period - Craig Conroy wins face-off versus Trent Hunter in Flames zone.
9:46 of 3rd period - Shot by Alex Tanguay.
9:46 of 3rd period - Shot Misses the Net.
10:23 of 3rd period - Shot by Jussi Jokinen.
10:23 of 3rd period - Shot Misses the Net.
10:34 of 3rd period - Shot by Brooks Laich.
10:34 of 3rd period - Shot Misses the Net.
10:35 of 3rd period - Shot by Steve Eminger.
10:35 of 3rd period - Stopped by Miikka Kiprusoff without a rebound.
10:36 of 3rd period - Brooks Laich wins face-off versus Joe Nieuwendyk in Flames zone.
10:46 of 3rd period - Kristian Huselius is hit by Ivan Majesky and loses puck.
11:04 of 3rd period - Shot by Bill Guerin.
11:04 of 3rd period - Shot Blocked by Steve Eminger.
11:05 of 3rd period - Shot by Rhett Warrener.
11:05 of 3rd period - Stopped by Marty Turco without a rebound.
11:06 of 3rd period - Brian Sutherby wins face-off versus Daymond Langkow in Capitals zone.
11:12 of 3rd period - Minor Penalty to Jarome Iginla for Holding.
11:13 of 3rd period - Andrew Cassels wins face-off versus Alex Tanguay in Flames zone.
11:16 of 3rd period - Shot by Bryan Muir.
11:16 of 3rd period - Stopped by Miikka Kiprusoff without a rebound.
11:17 of 3rd period - Andrew Cassels wins face-off versus Daymond Langkow in Flames zone.
11:56 of 3rd period - Shot by Dainius Zubrus.
11:56 of 3rd period - Stopped by Miikka Kiprusoff without a rebound.
11:57 of 3rd period - Craig Conroy wins face-off versus Patrik Stefan in Flames zone.
12:38 of 3rd period - Shot by Alexander Ovechkin.
12:38 of 3rd period - Stopped by Miikka Kiprusoff with a rebound.
12:39 of 3rd period - Shot by Alexander Ovechkin.
12:39 of 3rd period - Stopped by Miikka Kiprusoff without a rebound.
12:40 of 3rd period - Daymond Langkow wins face-off versus Andrew Cassels in Flames zone.
12:52 of 3rd period - Icing by Chris Clark.
12:53 of 3rd period - Andrew Cassels wins face-off versus Craig Conroy in Capitals zone.
13:14 of 3rd period - Shot by Dainius Zubrus.
13:14 of 3rd period - Shot Blocked by Rhett Warrener.
13:19 of 3rd period - Shot by Tony Amonte.
13:19 of 3rd period - Shot Blocked by Eric Fehr.
13:20 of 3rd period - Shot by Brian Willsie.
13:20 of 3rd period - Goal by Brian Willsie.
13:21 of 3rd period - Brian Sutherby wins face-off versus Joe Nieuwendyk in neutral zone.
14:18 of 3rd period - Shot by Alexander Ovechkin.
14:18 of 3rd period - Shot Misses the Net.
14:19 of 3rd period - Shot by Steve Eminger.
14:19 of 3rd period - Shot Misses the Net.
14:20 of 3rd period - Shot by Steve Eminger.
14:20 of 3rd period - Stopped by Miikka Kiprusoff without a rebound.
14:21 of 3rd period - Andrew Cassels wins face-off versus Daymond Langkow in Flames zone.
14:22 of 3rd period - Shot by Dainius Zubrus.
14:22 of 3rd period - Shot Blocked by Roman Hamrlik.
14:51 of 3rd period - Shot by Daymond Langkow.
14:51 of 3rd period - Stopped by Marty Turco without a rebound.
14:52 of 3rd period - Craig Conroy wins face-off versus Brooks Laich in Capitals zone.
14:54 of 3rd period - Alex Tanguay is hit by Alexander Ovechkin and loses puck.
15:09 of 3rd period - Alexander Ovechkin is hit by Chuck Kobasew and loses puck.
15:15 of 3rd period - Shot by Chuck Kobasew.
15:15 of 3rd period - Shot Misses the Net.
15:16 of 3rd period - Shot by Robyn Regehr.
15:16 of 3rd period - Shot Misses the Net.
15:19 of 3rd period - Shot by Robyn Regehr.
15:19 of 3rd period - Stopped by Marty Turco without a rebound.
15:20 of 3rd period - Brian Sutherby wins face-off versus Daymond Langkow in Capitals zone.
15:37 of 3rd period - Shot by Jarome Iginla.
15:37 of 3rd period - Stopped by Marty Turco without a rebound.
15:38 of 3rd period - Matthew Lombardi wins face-off versus Chris Clark in Capitals zone.
15:39 of 3rd period - Shot by Robyn Regehr.
15:39 of 3rd period - Shot Misses the Net.
15:41 of 3rd period - Minor Penalty to Rhett Warrener for Diving.
15:42 of 3rd period - Andrew Cassels wins face-off versus Craig Conroy in Capitals zone.
16:48 of 3rd period - Alexander Ovechkin is hit by Roman Hamrlik and loses puck.
17:47 of 3rd period - Brian Willsie is hit by Ivan Majesky and loses puck.
17:49 of 3rd period - Shot by Brian Willsie.
17:49 of 3rd period - Stopped by Marty Turco without a rebound.
17:50 of 3rd period - Brooks Laich wins face-off versus Joe Nieuwendyk in Capitals zone.
18:46 of 3rd period - Off-side.
18:47 of 3rd period - Andrew Cassels wins face-off versus Daymond Langkow in neutral zone.
18:50 of 3rd period - Shot by Dainius Zubrus.
18:50 of 3rd period - Stopped by Miikka Kiprusoff without a rebound.
18:51 of 3rd period - Daymond Langkow wins face-off versus Andrew Cassels in Flames zone.
19:00 of 3rd period - Capitals,Marty Turco is pulled from the net.
19:26 of 3rd period - Shot by Chris Clark.
19:26 of 3rd period - Shot Misses the Net.
19:27 of 3rd period - Shot by Bryan Muir.
19:27 of 3rd period - Stopped by Miikka Kiprusoff with a rebound.
19:28 of 3rd period - Shot by Bryan Muir.
19:28 of 3rd period - Shot Misses the Net.
19:29 of 3rd period - Shot by Chris Clark.
19:29 of 3rd period - Shot Blocked by Roman Hamrlik.
19:30 of 3rd period - Shot by Bryan Muir.
19:30 of 3rd period - Shot Misses the Net.
19:31 of 3rd period - Shot by Dainius Zubrus.
19:31 of 3rd period - Shot Misses the Net.
19:32 of 3rd period - Shot by Oleg Tverdovsky.
19:32 of 3rd period - Stopped by Miikka Kiprusoff without a rebound.
19:33 of 3rd period - Craig Conroy wins face-off versus Brian Sutherby in Flames zone.
19:48 of 3rd period - Shot by Matt Pettinger.
19:48 of 3rd period - Shot Blocked by Robyn Regehr.
19:51 of 3rd period - Shot by Matt Pettinger.
19:51 of 3rd period - Shot Misses the Net.
19:52 of 3rd period - Shot by Shaone Morrisonn.
19:52 of 3rd period - Stopped by Miikka Kiprusoff with a rebound.
19:55 of 3rd period - Shot by Richard Zednik.
19:55 of 3rd period - Stopped by Miikka Kiprusoff with a rebound.
19:55 of 3rd period - Minor Penalty to Rhett Warrener for Elbowing.
19:56 of 3rd period - Patrik Stefan wins face-off versus Daymond Langkow in Flames zone.
19:59 of 3rd period - Shot by Dainius Zubrus.
19:59 of 3rd period - Stopped by Miikka Kiprusoff without a rebound.


Output by the STHS for Stephane Roy -- Original Page W3C XHTML 1.0 Valid